 Dungeon Crawl Stone Soup version 0.27.1-33-g824d729ab1 (webtiles) character file.

Game seed: 2742237009624069691

18440 Gabide the Fighter (level 12, -2/103 (108) HPs)
             Began as a Gnoll Wanderer on Dec 10, 2021.
             Was a Believer of Ashenzari.
             Slain by a sixfirhy (5 damage)
             ... while petrified by an ancient lich
             ... on level 3 of the Abyss.
             The game lasted 00:25:43 (18612 turns).

Gabide the Fighter (Gnoll Wanderer)                Turns: 18612, Time: 00:25:43

HP:   -2/103 (108)  AC: 16    Str: 20    XL:     12   Next: 58%
MP:   8/8           EV:  2    Int: 21    God:    Ashenzari [**....]
Gold: 453           SH:  0    Dex: 11    Spells: 28/28 levels left

rFire    . . .     SeeInvis +   u - +1 demon trident (antimagic)
rCold    . . .     Faith    .   (no shield)
rNeg     + + +     Spirit   .   b - +2 chain mail of Supernal Understanding {Evo, Melee} (curse)
rPois    ∞         Reflect  .   f - +0 helmet of the Unyielding Gaze {Evo, Melee} (curse)
rElec    .         Harm     .   (no cloak)
rCorr    .         Rampage  .   r - +0 pair of gloves of Cremastomancy {Fort, Bglg} (curse)
Will     .....                  (no boots)
Stlth    +.........             (no amulet)
HPRegen  0.27/turn              x - +6 ring of intelligence
MPRegen  0.11/turn              l - ring of Ashenzari's Discomfort {Str+6, Fort, Self} (curse)

@: petrified, lightly drained
A: fangs 1, strong nose, distributed training
a: Renounce Religion, Curse Item, Shatter the Chains


You were on level 3 of the Abyss.
You worshipped Ashenzari.
Ashenzari was pleased with you.
You visited 1 branch of the dungeon, and saw 13 of its levels.
You visited the Abyss 1 time.

You collected 687 gold pieces.
You spent 234 gold pieces at shops.

Inventory:

Hand Weapons
 a - a +3 quarterstaff
 p - the +7 hunting sling of Gemp {freeze, rF+ rCorr Int+3}
   (You found it on level 5 of the Dungeon)

   Any ammunition fired from it freezes those it strikes, dealing additional
   cold damage.
   It can also slow down cold-blooded creatures.
   Int:       It affects your intelligence (+3).
   rF:        It protects you from fire.
   rCorr:     It protects you from acid and corrosion.
 u - a +1 antimagic demon trident (weapon)
Missiles
 q - a sling bullet
Armour
 b - the cursed +2 chain mail of Supernal Understanding (worn) {Evo, Melee}
   (You found it on level 1 of the Dungeon)

   It has a curse which improves the following skills: Evocations: Evocations.
   Melee Combat: Short Blades, Long Blades, Axes, Maces & Flails, Polearms,
   Staves and Unarmed Combat.
 f - the cursed +0 helmet of the Unyielding Gaze (worn) {Evo, Melee}
   (You found it on level 1 of the Dungeon)

   It has a curse which improves the following skills: Evocations: Evocations.
   Melee Combat: Short Blades, Long Blades, Axes, Maces & Flails, Polearms,
   Staves and Unarmed Combat.
 r - the cursed +0 pair of gloves of Cremastomancy (worn) {Fort, Bglg}
   (You found it on level 6 of the Dungeon)

   It has a curse which improves the following skills: Fortitude: Armour and
   Shields.
   Beguiling: Conjurations, Hexes and Translocations.
 w - a +0 chain mail of cold resistance
 D - a +0 pair of boots
Magical Staves
 t - a staff of conjuration
Jewellery
 g - a ring of positive energy
 l - the cursed ring of Ashenzari's Discomfort (right hand) {Str+6, Fort, Self}
   (You found it on level 5 of the Dungeon)

   [ring of strength]

   Str:       It affects your strength (+6).
   It has a curse which improves the following skills: Fortitude: Armour and
   Shields.
   Introspection: Fighting and Spellcasting.
 x - a +6 ring of intelligence (left hand)
 y - a ring of ice
 A - a +4 ring of protection
Wands
 n - a wand of iceblast (2)
 o - a wand of paralysis (4)
 z - a wand of flame (8)
Scrolls
 h - 4 scrolls of fog
 j - 3 scrolls of amnesia
 m - 4 scrolls of teleportation
Potions
 d - a potion of mutation
 e - a potion of magic
 s - 2 potions of might
 B - a potion of invisibility


   Skills:
 + Level 13.7(14.9) Fighting
 + Level 7.4(9.7) Short Blades
 + Level 7.4(9.7) Long Blades
 + Level 7.4(9.7) Axes
 + Level 7.4(9.7) Maces & Flails
 + Level 7.4(9.7) Polearms
 + Level 7.9(10.2) Staves
 + Level 7.4 Slings
 + Level 7.4 Bows
 + Level 7.4 Crossbows
 + Level 7.4 Throwing
 + Level 7.9(10.2) Armour
 + Level 7.4 Dodging
 + Level 7.8 Stealth
 + Level 7.4(9.7) Shields
 + Level 7.4(9.7) Unarmed Combat
 + Level 7.4(8.9) Spellcasting
 + Level 6.1(7.6) Conjurations
 + Level 6.1(7.6) Hexes
 + Level 6.1 Summonings
 + Level 6.1 Necromancy
 + Level 6.1(7.6) Translocations
 + Level 6.1 Transmutations
 + Level 6.1 Fire Magic
 + Level 6.1 Ice Magic
 + Level 6.1 Air Magic
 + Level 6.1 Earth Magic
 + Level 6.1 Poison Magic
 + Level 8.1 Invocations
 + Level 7.9(10.2) Evocations


You had 28 spell levels left.
You didn't know any spells.
Your spell library contained the following spells:

 Spells                   Type           Power      Damage    Failure   Level
 Foxfire                  Conj/Fire      100%       2x1d9     3%          1
 Blink                    Tloc           N/A        N/A       3%          2
 Summon Small Mammal      Summ           100%       N/A       4%          1
 Portal Projectile        Hex/Tloc       82%        N/A       7%          3
 Conjure Flame            Conj/Fire      38%        6-21      9%          3
 Inner Flame              Hex/Fire       38%        N/A       9%          3
 Summon Guardian Golem    Hex/Summ       38%        N/A       9%          3
 Mephitic Cloud           Conj/Pois/Air  37%        N/A       10%         3
 Call Canine Familiar     Summ           35%        N/A       12%         3
 Frozen Ramparts          Ice            70%        1d9       12%         3
 Ignite Poison            Fire/Tmut/Pois 35%        N/A       12%         3
 Ice Form                 Ice/Tmut       35%        N/A       36%         4
 Summon Ice Beast         Ice/Summ       35%        N/A       36%         4
 Manifold Assault         Tloc           41%        N/A       52%         5
 Bolt of Magma            Conj/Fire/Erth 18%        4d10      65%         5
 Blade Hands              Tmut           17%        N/A       73%         5
 Excruciating Wounds      Necr           17%        N/A       73%         5
 Storm Form               Tmut/Air       17%        N/A       100%        7


Dungeon Overview and Level Annotations

Branches:
Dungeon (13/15)            Temple (0/1) D:4            Lair (0/6) D:8
    Orc (0/2) D:10
 Vaults: D:13-14

Altars:
Ashenzari
Ru
Xom
Yredelemnul
Beogh

Shops:
D:1 [   D:2 =   D:6 !   D:11 :

Annotations:
D:7 2 transporters
D:8 1 runed translucent door, TangoThomas's ghost, novice NaDe
D:9 2 transporters, kalagan's ghost, novice DECj


Innate Abilities, Weirdness & Mutations

You have very sharp teeth.
Your uncanny sense of smell can sniff out nearby items.
Your experience applies equally to all skills.


Message History

Okay, then.
Press: ? - help, v - describe, . - travel, g - get item
Here: an ancient lich (severely damaged, dazed)
Items here: $ )) [[.
The floor.
Unknown command.
Press: ? - help, v - describe, . - travel, g - get item
Here: an ancient lich (severely damaged, dazed)
Items here: $ )) [[.
The floor.
As you read the scroll of holy word, it crumbles to dust.
You speak a Word of immense power!
The ancient lich convulses!
The ancient lich gestures at you while chanting.
The bolt of acid hits you!!!
* * * LOW HITPOINT WARNING * * *
You are splashed with acid!
* * * LOW HITPOINT WARNING * * *
The ancient lich gestures wildly while chanting.
The ancient lich seems to speed up.
You have turned to stone.
The ancient lich touches you but does no damage. x2
The ancient lich casts a spell at you. The bolt of acid misses you.
The ancient lich is lost in a daze. x2
The ancient lich touches you.
* * * LOW HITPOINT WARNING * * *
The ancient lich touches you but does no damage.
A sixfirhy comes into view.
The sixfirhy hits you but does no damage. x2
The ancient lich touches you but does no damage.
The ancient lich is lost in a daze.
The ancient lich touches you but does no damage.
The ancient lich touches you!
* * * LOW HITPOINT WARNING * * *
The ancient lich casts a spell.
The ancient lich flickers and vanishes for a moment.
The sixfirhy hits you but does no damage.
The sixfirhy hits you.
* * * LOW HITPOINT WARNING * * *
The sixfirhy shocks you!
You die...

, , #.∩.#.. ,
* * * ##....
.....*,
##...# * *
....###. ,
#.....
.######..3#.#
........@L.#
*∆ ,
#.########.#,
* , .., , ,∆
#..* * * *, ,
.# , *, ,# ,
, , , , * , ,
,


You could see an ancient lich (fast, invisible, dazed) and a sixfirhy.

Vanquished Creatures
  A rakshasa (D:11)
  A hydra (D:12)
  A boulder beetle (D:10)
  A tengu warrior (D:12)
  Urug (D:11)
  The ghost of Candide the Stormcaller, a novice TeAE of Vehumet (D:10)
  An ugly thing (D:12)
  4 cyclopes
  Maurice (D:8)
  A gargoyle (D:10)
  Maggie (D:8)
  An unseen horror (shapeshifter) (D:13)
  3 kobold demonologists
  5 trolls
  A hornet (D:10)
  3 slime creatures (D:13)
  A shadow (D:11)
  A vampire (D:10)
  2 wyverns
  2 wraiths
  5 yaks (D:8)
  A basilisk (D:13)
  18 vampire mosquitoes
  3 water moccasins
  4 orc warriors
  2 black bears
  5 sky beasts
  A necrophage (D:4)
  3 centaurs
  2 ogres (D:5)
  A bullfrog (D:9)
  5 kobold brigands
  A wyvern zombie (D:9)
  3 scorpions
  2 gnoll sergeants
  5 killer bees (D:9)
  16 wights
  3 howler monkeys (D:11)
  2 centaur zombies
  A bullfrog zombie (D:6)
  A hound (D:4)
  5 orc priests
  A bullfrog skeleton (D:5)
  2 centaur skeletons
  4 iguanas
  11 orc wizards
  16 gnolls
  4 adders
  An ufetubus (D:4)
  An adder skeleton (D:4)
  A worm (D:3)
  5 dart slugs
  27 orcs
  13 ball pythons
  8 bats
  12 endoplasms
  2 giant cockroaches (D:2)
  7 goblins
  8 hobgoblins
  21 kobolds
  2 quokkas (D:3)
  2 frilled lizards
  A rat (D:1)
271 creatures vanquished.

Vanquished Creatures (collateral kills)
  A cyclops (D:10)
  A wraith (D:10)
  A basilisk (D:13)
  A vampire mosquito (D:10)
4 creatures vanquished.

Vanquished Creatures (others)
  A slime creature (D:13)
  An orc warrior (D:10)
  5 plants (D:8)
7 creatures vanquished.

Grand Total: 282 creatures vanquished

Notes
Turn   | Place    | Note
-------+----------+-------------------------------------------
     0 | D:1      | Reached skill level 12 in Fighting
     0 | D:1      | Gabide the Gnoll Wanderer began the quest for the Orb.
     0 | D:1      | Gabide set off with the following items: a +2 quarterstaff,
                  | 2 potions of curing, a +0 robe
     0 | D:1      | Reached XP level 1. HP: 31/31 MP: 1/1
    67 | D:1      | HP: 1/31 [gnoll (3)]
    73 | D:1      | Reached XP level 2. HP: 14/38 MP: 2/2
   482 | D:1      | Reached XP level 3. HP: 42/44 MP: 3/3
   498 | D:1      | Found Xuuzes's Armour Shoppe.
   855 | D:1      | Reached skill level 1 in Invocations
   926 | D:2      | Found a broken altar of Ashenzari.
   930 | D:2      | Reached skill level 1 in Short Blades
   930 | D:2      | Reached skill level 1 in Long Blades
   930 | D:2      | Reached skill level 1 in Axes
   930 | D:2      | Reached skill level 1 in Maces & Flails
   930 | D:2      | Reached skill level 1 in Polearms
   930 | D:2      | Reached skill level 1 in Slings
   930 | D:2      | Reached skill level 1 in Bows
   930 | D:2      | Reached skill level 1 in Crossbows
   930 | D:2      | Reached skill level 1 in Throwing
   930 | D:2      | Reached skill level 1 in Dodging
   930 | D:2      | Reached skill level 1 in Shields
   930 | D:2      | Reached skill level 1 in Unarmed Combat
   930 | D:2      | Reached skill level 1 in Spellcasting
   937 | D:2      | Became a worshipper of Ashenzari the Shackled
  1049 | D:2      | Reached XP level 4. HP: 48/51 MP: 5/5
  1178 | D:2      | Found Zimmeos's Jewellery Shop.
  1468 | D:2      | Found a faded altar of an unknown god.
  1603 | D:2      | Reached skill level 1 in Conjurations
  1603 | D:2      | Reached skill level 1 in Hexes
  1603 | D:2      | Reached skill level 1 in Summonings
  1603 | D:2      | Reached skill level 1 in Necromancy
  1603 | D:2      | Reached skill level 1 in Translocations
  1603 | D:2      | Reached skill level 1 in Transmutations
  1603 | D:2      | Reached skill level 1 in Fire Magic
  1603 | D:2      | Reached skill level 1 in Ice Magic
  1603 | D:2      | Reached skill level 1 in Air Magic
  1603 | D:2      | Reached skill level 1 in Earth Magic
  1603 | D:2      | Reached skill level 1 in Poison Magic
  1640 | D:2      | HP: 2/51 [gnoll (8)]
  2062 | D:2      | Reached XP level 5. HP: 33/57 MP: 7/7
  3966 | D:4      | Found a staircase to the Ecumenical Temple.
  3994 | D:4      | Reached XP level 6. HP: 60/64 MP: 8/8
  4748 | D:4      | Noticed a necrophage
  4761 | D:4      | Killed a necrophage
  4762 | D:4      | Reached XP level 7. HP: 50/70 MP: 10/10
  4914 | D:5      | Entered Level 5 of the Dungeon
  5302 | D:5      | Noticed a vampire mosquito
  5302 | D:5      | Noticed a vampire mosquito
  5302 | D:5      | Noticed a vampire mosquito
  5303 | D:5      | Noticed a vampire mosquito
  5313 | D:5      | Killed a vampire mosquito
  5324 | D:5      | Killed a vampire mosquito
  5325 | D:5      | Reached XP level 8. HP: 46/77 MP: 12/12
  5343 | D:5      | Identified the +7 hunting sling of Gemp {freeze, rF+ rCorr
                  | Int+3}
  6751 | D:6      | Reached XP level 9. HP: 83/83 MP: 14/14
  7314 | D:6      | Found Ylasch's Distillery.
  7322 | D:6      | Bought a potion of heal wounds for 65 gold pieces
  7322 | D:6      | Bought a potion of curing for 39 gold pieces
  7322 | D:6      | Bought a potion of haste for 130 gold pieces
  7395 | D:6      | Reached * piety under Ashenzari
  7522 | D:7      | Found a transporter.
  7525 | D:7      | Found a transporter.
  7550 | D:7      | Reached skill level 5 in Staves
  7550 | D:7      | Reached skill level 5 in Armour
  7550 | D:7      | Reached skill level 5 in Evocations
  7632 | D:7      | Reached skill level 5 in Stealth
  7977 | D:7      | Found a basalt altar of Yredelemnul.
  8305 | D:8      | Reached skill level 5 in Invocations
  8399 | D:8      | Found a staircase to the Lair.
  8415 | D:8      | Noticed Maurice
  8422 | D:8      | Killed Maurice
  8423 | D:8      | Reached XP level 10. HP: 92/92 MP: 18/18
  8760 | D:8      | Reached skill level 5 in Short Blades
  8760 | D:8      | Reached skill level 5 in Long Blades
  8760 | D:8      | Reached skill level 5 in Axes
  8760 | D:8      | Reached skill level 5 in Maces & Flails
  8760 | D:8      | Reached skill level 5 in Polearms
  8760 | D:8      | Reached skill level 5 in Slings
  8760 | D:8      | Reached skill level 5 in Bows
  8760 | D:8      | Reached skill level 5 in Crossbows
  8760 | D:8      | Reached skill level 5 in Throwing
  8760 | D:8      | Reached skill level 5 in Dodging
  8760 | D:8      | Reached skill level 5 in Shields
  8760 | D:8      | Reached skill level 5 in Unarmed Combat
  8760 | D:8      | Reached skill level 5 in Spellcasting
  8958 | D:8      | Found a runed translucent door.
  8959 | D:8      | Found a shimmering altar of Xom.
  8959 | D:8      | Noticed TangoThomas's ghost (novice NaDe)
  8959 | D:8      | Noticed a +2 quarterstaff of chaos
  9026 | D:8      | Noticed Maggie
  9060 | D:8      | Killed Maggie
  9588 | D:8      | Reached skill level 13 in Fighting
  9749 | D:9      | Noticed a two-headed ogre
  9751 | D:9      | Noticed a two-headed ogre
  9753 | D:9      | Noticed a cyclops
  9760 | D:9      | Noticed a boulder beetle
  9760 | D:9      | Noticed kalagan's ghost (novice DECj)
 10299 | D:9      | Found a transporter.
 10307 | D:9      | Reached ** piety under Ashenzari
 10366 | D:9      | Found a transporter.
 11216 | D:10     | Entered Level 10 of the Dungeon
 11247 | D:10     | Noticed Candide's ghost (novice TeAE)
 11250 | D:10     | Found a runed translucent door.
 11334 | D:10     | Reached XP level 11. HP: 27/101 MP: 21/21
 12176 | D:10     | Reached skill level 5 in Conjurations
 12176 | D:10     | Reached skill level 5 in Hexes
 12176 | D:10     | Reached skill level 5 in Summonings
 12176 | D:10     | Reached skill level 5 in Necromancy
 12176 | D:10     | Reached skill level 5 in Translocations
 12176 | D:10     | Reached skill level 5 in Transmutations
 12176 | D:10     | Reached skill level 5 in Fire Magic
 12176 | D:10     | Reached skill level 5 in Ice Magic
 12176 | D:10     | Reached skill level 5 in Air Magic
 12176 | D:10     | Reached skill level 5 in Earth Magic
 12176 | D:10     | Reached skill level 5 in Poison Magic
 12337 | D:10     | Found a staircase to the Orcish Mines.
 12639 | D:10     | Killed Candide's ghost
 12879 | D:11     | Noticed a boulder beetle
 12893 | D:11     | Noticed a rakshasa
 12903 | D:11     | Noticed a cyclops
 12910 | D:11     | Noticed a cyclops
 13936 | D:10     | Killed a cyclops
 13978 | D:10     | Killed a cyclops
 14007 | D:10     | Killed a boulder beetle
 14338 | D:11     | Killed a rakshasa
 14651 | D:11     | Noticed a cyclops
 14677 | D:11     | Killed a cyclops
 15106 | D:11     | Found Kikut's Book Shop.
 15646 | D:11     | Noticed Urug
 15649 | D:11     | Paralysed by Urug for 7 turns
 15657 | D:11     | Paralysed by Urug for 2 turns
 15661 | D:11     | Killed Urug
 16043 | D:12     | Noticed a green ugly thing
 16051 | D:12     | Killed a green ugly thing
 16052 | D:12     | Reached XP level 12. HP: 26/108 MP: 8/24
 16692 | D:12     | Noticed a seven-headed hydra
 16698 | D:12     | Killed a seven-headed hydra
 17066 | D:12     | Noticed a tengu warrior
 17081 | D:12     | Killed a tengu warrior
 18335 | D:13     | Found a sacrificial altar of Ru.
 18468 | D:13     | Cast into level 3 of the Abyss (a wizard)
 18581 | Abyss:3  | Noticed an ancient lich
 18611 | Abyss:3  | HP: 5/103 [ancient lich (4)]
 18612 | Abyss:3  | Slain by a sixfirhy

Illustrated notes

Levels and vault maps discovered:
D:1:      sevenhm_arrival_forest_fort_large_2, layout_rooms, serial_shops, shop
D:2:      layout_basic, basic_altar, basic_ecumenical_altar, serial_shops, shop
D:3:      layout_loops_corners, chequers_serial_rivers_small_3
D:4:      layout_cave_pools, minmay_temple_entry_ruins
D:5:      layout_basic
D:6:      layout_rooms, serial_shops, shop
D:7:      gammafunk_beogh_shrine, layout_basic, kennysheep_little_box
D:8:      layout_cave_pods, dpeg_oklobed_lair, ebering_ghost_xom, moated_statue,
          grunt_decor_one_mirror, uniq_maurice, uniq_maggie
D:9:      layout_irregular_city, nzn_ghost_randoct
D:10:     layout_roguey, orc_0_dummy, hellmonk_ghost_happy_afterlife,
          grunt_decor_junction, kennysheep_generic_room_2
D:11:     layout_loops_cross, serial_shops, nicolae_shop_trees, uniq_urug
D:12:     layout_loops_ring, gauntlet_entry_generic, st_stairs_10
D:13:     layout_basic, hangedman_vaults_entry_quadrant_bands,
          nicolae_ru_sacrificial_ziggurat
Abyss:3:  base: D:9, hangedman_relentless_pull, abyss_furniture_001,
          hangedman_abyss_sting

Skill      XL: |  1  2  3  4  5  6  7  8  9 10 11 12 |
---------------+-------------------------------------+-----
Fighting       | 13 | 13.7
Invocations    | 1 2 3 4 5 6 7 8 |  8.1
Short Blades   | 1 2 3 4 5 6 7 |  7.4
Long Blades    | 1 2 3 4 5 6 7 |  7.4
Axes           | 1 2 3 4 5 6 7 |  7.4
Maces & Flails | 1 2 3 4 5 6 7 |  7.4
Polearms       | 1 2 3 4 5 6 7 |  7.4
Slings         | 1 2 3 4 5 6 7 |  7.4
Bows           | 1 2 3 4 5 6 7 |  7.4
Crossbows      | 1 2 3 4 5 6 7 |  7.4
Throwing       | 1 2 3 4 5 6 7 |  7.4
Dodging        | 1 2 3 4 5 6 7 |  7.4
Shields        | 1 2 3 4 5 6 7 |  7.4
Unarmed Combat | 1 2 3 4 5 6 7 |  7.4
Spellcasting   | 1 2 3 4 5 6 7 |  7.4
Conjurations   | 1 2 3 4 5 6 |  6.1
Hexes          | 1 2 3 4 5 6 |  6.1
Summonings     | 1 2 3 4 5 6 |  6.1
Necromancy     | 1 2 3 4 5 6 |  6.1
Translocations | 1 2 3 4 5 6 |  6.1
Transmutations | 1 2 3 4 5 6 |  6.1
Fire Magic     | 1 2 3 4 5 6 |  6.1
Ice Magic      | 1 2 3 4 5 6 |  6.1
Air Magic      | 1 2 3 4 5 6 |  6.1
Earth Magic    | 1 2 3 4 5 6 |  6.1
Poison Magic   | 1 2 3 4 5 6 |  6.1
Staves         | 3 4 5 6 7 |  7.9
Armour         | 3 4 5 6 7 |  7.9
Evocations     | 3 4 5 6 7 |  7.9
Stealth        | 3 4 5 6 7 |  7.8

Action                   |  1- 3 |  4- 6 |  7- 9 | 10-12 || total
-------------------------+-------+-------+-------+-------++-------
Melee: Quarterstaff      |    61 |   198 |    84 |   252 ||   595
       Bite              |     1 |    19 |    11 |    55 ||    86
       Demon trident     |       |       |       |   238 ||   238
       Punch             |       |       |       |     7 ||     7
 Fire: Hunting sling     |       |       |   163 |   179 ||   342
Invok: Curse Item        |       |     1 |     1 |     2 ||     4
Evoke: Wand              |       |       |       |    34 ||    34
  Use: Potion            |     2 |     2 |     2 |    14 ||    20
       Scroll            |       |     1 |     3 |     5 ||     9
 Stab: Sleeping          |     2 |       |       |       ||     2
       Paralysed         |       |       |       |     8 ||     8
Armor: Robe              |    10 |       |       |       ||    10
       Chain mail        |    28 |   170 |   102 |   339 ||   639
Dodge: Dodged            |    50 |    69 |    78 |   278 ||   475
